 Dungeon Crawl Stone Soup version 0.32-a0-17-gb74e046682 (webtiles) character file.

Game seed: 1044910771512142177

82 lessens the Insei (level 4, -3/25 HPs)
             Began as a Kobold Shapeshifter on Jan 16, 2024.
             Killed from afar by an orc wizard (9 damage)
             ... with a puff of flame
             ... on level 3 of the Dungeon.
             The game lasted 00:02:02 (2778 turns).

lessens the Insei (Kobold Shapeshifter)             Turns: 2778, Time: 00:02:03

Health: -3/25      AC:  2    Str: 13    XL:     4   Next: 70%
Magic:  4/4        EV: 14    Int: 11    God:
Gold:   119        SH:  0    Dex: 14    Spells: 3/3 levels left

rFire   . .          .
                       - Unarmed
rCold   . . .        (no shield)
rNeg    . . .        a - +0 animal skin
rPois   .            (helmet currently unavailable)
rElec   .            (cloak currently unavailable)
rCorr   .            (gloves currently unavailable)
SInv    .            (boots currently unavailable)
Will    .....        (no amulet)
Stlth   ++           (no ring)
HPRegen 0.24/turn    (no ring)
MPRegen 0.09/turn

%: no passive effects
@: beast-form
A: beast (slay +2), small, no large weapons, nightstalker 3
a: Begin Untransformation


You were on level 3 of the Dungeon.
You were a hulking beast.
You visited 1 branch of the dungeon, and saw 3 of its levels.

You collected 119 gold pieces.

Inventory:

Missiles
 j - 18 stones (quivered)
Armour
 a - a +0 animal skin (worn)
 g - a +0 pair of gloves
Talismans
 c - a beast talisman
 d - a flux talisman
Scrolls
 e - 3 scrolls of identify {unknown}
 f - a scroll of amnesia {unknown}
 h - a scroll of vulnerability {unknown}
 i - a scroll of teleportation {unknown}
 k - a scroll of torment {unknown}
 l - a scroll of brand weapon {unknown}
 p - a scroll of poison {unknown}
Potions
 b - a potion of degeneration {unknown}
 m - a potion of ambrosia {unknown}
 n - a potion of enlightenment {unknown}
 o - a potion of resistance {unknown}
 q - a potion of cancellation {unknown}


   Skills:
 - Level 1.1 Fighting
 - Level 2.4 Dodging
 + Level 4.1 Unarmed Combat
 + Level 4.0 Shapeshifting


You had 3 spell levels left.
You didn't know any spells.
Your spell library was empty.

Dungeon Overview and Level Annotations

Branches:
Dungeon (3/15) Zot: 15217

Altars:

Shops:
D:1 [


Innate Abilities, Weirdness & Mutations

You are a hulking beast.
Your limbs bulge with bestial killing power. (Slay +2)
You are small and have problems with some larger weapons.
You are completely attuned to the shadows.


Message History

The orc warrior shouts!
You hear a shout!
The orc wizard barely misses you.
You hit the orc wizard.
The orc wizard is lightly wounded.
The orc wizard misses you.
You barely miss the orc wizard.
The orc wizard is lightly wounded.
An orc comes into view. It is wielding a +0 whip.
The orc wizard hits you with a +0 dagger.
The orc shouts!
You hit the orc wizard but do no damage.
The orc wizard is lightly wounded.
The orc wizard hits you with a +0 dagger.
You hit the orc wizard but do no damage.
The orc wizard is lightly wounded.
The orc wizard hits you with a +0 dagger.
You hit the orc wizard.
The orc wizard is lightly wounded.
The orc wizard casts a spell at you. The magic dart hits you.
You closely miss the orc wizard.
The orc wizard is lightly wounded.
The orc wizard hits you with a +0 dagger.
You hit the orc wizard.
The orc wizard is heavily wounded.
The orc wizard hits you with a +0 dagger.
You barely miss the orc wizard.
The orc wizard is heavily wounded.
The orc wizard hits you but does no damage.
You barely miss the orc wizard.
The orc wizard is heavily wounded.
The orc wizard hits you with a +0 dagger.
* * * LOW HITPOINT WARNING * * *
You hit the orc wizard.
The orc wizard is almost dead.
You miss the orc wizard.
The orc wizard is almost dead.
The orc wizard points at you and mumbles some strange words.
The puff of flame hits you!
You die...

# ## ######### #.
#......># ##
#######.......# #
ooooh.........###
#######.........#
#######.......#.#####
.....##..............
####..........#......
##################


You could see an orc warrior, an orc wizard and 2 orcs.

Vanquished Creatures
  4 adders (D:2)
  3 dart slugs
  4 endoplasms
  2 giant cockroaches
  2 goblins (D:1)
  3 hobgoblins
  5 kobolds
  8 ball pythons
  3 bats
  A frilled lizard (D:2)
  3 rats
  A spectral hobgoblin (D:1)
39 creatures vanquished.

Notes
Turn   | Place    | Note
-------+----------+-------------------------------------------
     0 | D:1      | lessens the Kobold Shapeshifter began the quest for the
                  | Orb.
     0 | D:1      | Reached XP level 1. HP: 12/12 MP: 1/1
   400 | D:1      | Reached XP level 2. HP: 16/16 MP: 2/2
   516 | D:1      | Found a faded altar of an unknown god.
   736 | D:1      | Found Mutramn's Antique Armour Shop.
  1327 | D:1      | Reached XP level 3. HP: 17/20 MP: 3/3
  1968 | D:2      | Reached XP level 4. HP: 25/25 MP: 4/4
  2644 | D:3      | Identified the +2 spear of Butchery {spect, rElec rF+ rCorr
                  | Str-4}
  2767 | D:3      | Noticed an orc warrior
  2778 | D:3      | Killed from afar by an orc wizard

Illustrated notes

Levels and vault maps discovered:
D:1:      lemuel_arrival_hallway, layout_basic, serial_shops,
          nicolae_shop_back_alley_shop,
          dreamdust_ecumenical_altar_drowned_temple
D:2:      layout_basic
D:3:      layout_loops_ring, yredelemnul_altar_generic, uniq_terence

Skill      XL: |  1  2  3  4 |
---------------+-------------+-----
Unarmed Combat | 4 |  4.1
Shapeshifting  | 4 |  4.0
Fighting       | |  1.1
Dodging        | |  2.4

Action                     |  1- 3 |  4- 6 || total
---------------------------+-------+-------++-------
  Melee: Unarmed           |    61 |    35 ||    96
         Punch             |     4 |     1 ||     5
    Use: Potion            |     2 |       ||     2
   Stab: Sleeping          |     7 |     6 ||    13
         Invisible         |     1 |       ||     1
 Armour: Animal skin       |    16 |    16 ||    32
         Skin              |     1 |       ||     1
  Dodge: Dodged            |    34 |    13 ||    47

Table legend: (Time is in decaauts)
 A = Elapsed time spent in this place.
 B = Non-inter-level travel time spent in this place.
 C = Inter-level travel time spent in this place.
 D = Time resting spent in this place.
 E = Time spent auto-exploring this place.
 F = Levels seen in this place.
 G = Mean time per level.
                   A        B        C        D        E       F      G
               +--------+--------+--------+--------+--------+-----+--------+
         Total |   2781 |   2721 |     60 |     85 |   2387 |   3 |  927.0 |
       Dungeon |   2781 |   2721 |     60 |     85 |   2387 |   3 |  927.0 |
               +--------+--------+--------+--------+--------+-----+--------+

Top non-repeatable levels by time:
     D:1: 1525 daAuts
     D:2: 1095 daAuts
     D:3: 160 daAuts

Levels and vault maps discovered:
D:1:      lemuel_arrival_hallway, layout_basic, serial_shops,
          nicolae_shop_back_alley_shop,
          dreamdust_ecumenical_altar_drowned_temple
D:2:      layout_basic
D:3:      layout_loops_ring, yredelemnul_altar_generic, uniq_terence
